[Event "ICC tourney 2716 (40 10)"]
[Site "Internet Chess Club"]
[Date "2021.10.23"]
[Round "2"]
[White "ZENG, ELBERT:investigator"]
[Black "LIU, ZACHARY HANKUN:K03-17349625"]
[Result "1-0"]
[ICCResult "Black checkmated"]
[WhiteElo "2028"]
[BlackElo "1586"]
[Opening "QGD semi-Slav: Meran variation"]
[ECO "D47"]
[NIC "SL.09"]
[Time "13:15:19"]
[PlyCount "51"]
[TimeControl "2400+10"]

1. d4 d5 2. c4 c6 3. Nc3 Nf6 4. e3 e6 5. Nf3 Nbd7 6. Bd3 dxc4 7. Bxc4 b5 8.
Bd3 Bd6 9. O-O O-O 10. Qc2 Bb7 11. Rd1 Rc8 12. e4 e5 13. dxe5 Nxe5 14. Nxe5
Bxe5 15. h3 Qc7 16. Be3 a6 17. Ne2 Qb8 18. f4 Bc7 19. Bc5 Rfe8 20. e5 Nd5
21. Bxh7+ Kh8 22. Qf5 Rcd8 23. Qh5 Nxf4 24. Nxf4 Rxe5 25. Bf5+ Kg8 26. Qh7#
{Black checkmated}
1-0

[Event "ICC tourney 2716 (40 10)"]
[Site "Internet Chess Club"]
[Date "2021.10.23"]
[Round "2"]
[White "YAN, RUIYANG:jy2020"]
[Black "LIANG, ETHAN Y:ELCCEthan488"]
[Result "1-0"]
[ICCResult "Black resigns"]
[WhiteElo "2160"]
[BlackElo "1799"]
[Opening "Sicilian: Pelikan (Lasker/Sveshnikov) variation"]
[ECO "B33"]
[NIC "SI.35"]
[Time "13:15:17"]
[PlyCount "85"]
[TimeControl "2400+10"]

1. e4 c5 2. Nf3 Nc6 3. d4 cxd4 4. Nxd4 Nf6 5. Nc3 e5 6. Ndb5 d6 7. Nd5 Nxd5
8. exd5 Nb8 9. a4 Be7 10. Be2 a6 11. Na3 O-O 12. O-O Nd7 13. Nc4 f5 14. f4
e4 15. Be3 Rb8 16. a5 Qc7 17. Ra3 Bf6 18. b4 b5 19. axb6 Nxb6 20. Na5 Bb7
21. c4 Rfd8 22. Qd2 Kh8 23. h3 Rg8 24. Rd1 h6 25. Nxb7 Rxb7 26. c5 Nc8 27.
Rxa6 g5 28. Rf1 Qg7 29. fxg5 Bc3 30. Qd1 Rxb4 31. cxd6 Bd4 32. Bxd4 Rxd4 33.
Qa1 Rxd5 34. Bc4 Rxd6 35. Bxg8 Kxg8 36. Ra8 Qd7 37. Qe5 Rd5 38. Rxc8+ Qxc8
39. Qxd5+ Kh7 40. Qxf5+ Qxf5 41. Rxf5 hxg5 42. Rxg5 e3 43. Re5 {Black
resigns} 1-0

[Event "ICC tourney 2716 (40 10)"]
[Site "Internet Chess Club"]
[Date "2021.10.23"]
[Round "2"]
[White "POMERANTZ, DANIEL G:dpomerantz135"]
[Black "GUO, YU HAN (VERONICA):VeronicaG"]
[Result "1-0"]
[ICCResult "Black checkmated"]
[WhiteElo "2050"]
[BlackElo "1650"]
[Opening "Caro-Kann: advance variation"]
[ECO "B12"]
[NIC "CK.04"]
[Time "13:15:16"]
[PlyCount "75"]
[TimeControl "2400+10"]

1. e4 c6 2. d4 d5 3. e5 Bf5 4. Nf3 e6 5. Be2 Ne7 6. O-O Nd7 7. Nbd2 Qc7 8.
Nb3 c5 9. Nxc5 Nxc5 10. dxc5 Qxc5 11. c3 Nc6 12. Be3 Qa5 13. Qd2 Be7 14. Nd4
Nxe5 15. Nxf5 exf5 16. b4 Qc7 17. Qxd5 O-O 18. Bd4 Bd6 19. Rfd1 Rad8 20. Qb3
Rfe8 21. Bf1 Ng4 22. g3 f4 23. c4 fxg3 24. hxg3 Qe7 25. c5 Be5 26. Bxe5 Qxe5
27. Qf3 Qh5 28. Bg2 g6 29. Rd6 Rb8 30. Rad1 Re5 31. R6d4 f5 32. Qb3+ Kg7 33.
Rd7+ Kh8 34. Rd8+ Rxd8 35. Rxd8+ Kg7 36. Qg8+ Kf6 37. Qf8+ Kg5 38. f4#
{Black checkmated}
1-0

[Event "ICC tourney 2716 (40 10)"]
[Site "Internet Chess Club"]
[Date "2021.10.23"]
[Round "2"]
[White "TRANDAFIR, STEFAN:trandaferrari"]
[Black "FAWZY, ADHAM:domti"]
[Result "0-1"]
[ICCResult "White resigns"]
[WhiteElo "1882"]
[BlackElo "2542"]
[Opening "Sicilian: Alapin's variation (2.c3)"]
[ECO "B22"]
[NIC "SI.47"]
[Time "13:15:29"]
[PlyCount "82"]
[TimeControl "2400+10"]

1. e4 c5 2. c3 Nf6 3. e5 Nd5 4. d4 cxd4 5. Nf3 Nc6 6. cxd4 d6 7. Bc4 dxe5 8.
dxe5 Ndb4 9. Qxd8+ Nxd8 10. Na3 Be6 11. O-O Bxc4 12. Nxc4 e6 13. Bd2 Nd5 14.
Ne3 Nb6 15. a4 Nc6 16. a5 Nd7 17. Bc3 Bc5 18. Rfd1 Ke7 19. Nc2 a6 20. b4 Ba7
21. Na3 Rhc8 22. Rac1 b5 23. axb6 Nxb6 24. b5 axb5 25. Nxb5 Nd5 26. Nxa7
Rxa7 27. Bd4 Ra2 28. Bc5+ Kd7 29. Rb1 h6 30. Bd6 Ke8 31. Rb7 Nd8 32. Rb3
Rcc2 33. Rf1 Nc6 34. Ne1 Rc1 35. Nd3 Rxf1+ 36. Kxf1 Ra1+ 37. Ne1 Nd4 38.
Rb8+ Kd7 39. Rb2 Nf4 40. Bc5 Nd3 41. Re2 Nxe2 {White resigns} 0-1

[Event "ICC tourney 2716 (40 10)"]
[Site "Internet Chess Club"]
[Date "2021.10.23"]
[Round "2"]
[White "CHAMPSI, IMRAN:imranchamp"]
[Black "HO, COOPER:arsenicblast"]
[Result "1/2-1/2"]
[ICCResult "Game drawn by mutual agreement"]
[WhiteElo "1668"]
[BlackElo "1868"]
[Opening "Sicilian defense"]
[ECO "B33"]
[NIC "SI.34"]
[Time "13:15:59"]
[PlyCount "106"]
[TimeControl "2400+10"]

1. e4 c5 2. Nf3 Nc6 3. d4 cxd4 4. Nxd4 Nf6 5. Nc3 e6 6. g3 Bb4 7. Bg2 d5 8.
exd5 Nxd5 9. Nxc6 bxc6 10. O-O O-O 11. Bd2 Bb7 12. Nxd5 Bxd2 13. Ne7+ Qxe7
14. Qxd2 Rfd8 15. Qc3 c5 16. Rad1 Bxg2 17. Kxg2 Qb7+ 18. Kg1 Rd5 19. Qf3 Rb8
20. b3 Qd7 21. Rxd5 exd5 22. Rd1 Rd8 23. Qc3 Qc7 24. b4 c4 25. Qf3 d4 26.
Qe4 Qb6 27. c3 dxc3 28. Rxd8+ Qxd8 29. Qxc4 Qd1+ 30. Kg2 g6 31. Qc8+ Kg7 32.
Qxc3+ Kg8 33. a3 Qa4 34. Qf3 Kg7 35. h4 h5 36. Qc3+ Kg8 37. Qd3 Kg7 38. Qd4+
Kg8 39. Qb2 a6 40. Qc3 Kh7 41. Qf6 Kg8 42. Qd8+ Kg7 43. Qa5 Qc6+ 44. Kg1
Qc1+ 45. Kh2 Qf1 46. Qe5+ Kg8 47. Qd4 Qb5 48. Qc5 Qa4 49. Qa5 Qc2 50. Qb6
Qa2 51. Qe3 Qc2 52. Kg2 Qc6+ 53. Kh2 Qa4 {Game drawn by mutual agreement}
1/2-1/2

[Event "ICC tourney 2716 (40 10)"]
[Site "Internet Chess Club"]
[Date "2021.10.23"]
[Round "2"]
[White "LIU, ERIC CHANG:el008"]
[Black "Jin, Xiaodong:SuperWJ"]
[Result "1-0"]
[ICCResult "Black resigns"]
[WhiteElo "1941"]
[BlackElo "1598"]
[Opening "Sicilian: Najdorf"]
[ECO "B90"]
[NIC "SI.14"]
[Time "13:15:30"]
[PlyCount "95"]
[TimeControl "2400+10"]

1. e4 c5 2. Nf3 d6 3. d4 cxd4 4. Nxd4 Nf6 5. Nc3 a6 6. f3 e5 7. Nb3 h5 8.
Be3 Be6 9. Nd5 Bxd5 10. exd5 Nbd7 11. c4 g6 12. Qd2 Bg7 13. Na5 Qc7 14. Rc1
O-O 15. Be2 b6 16. Nc6 Nb8 17. Nxb8 Qxb8 18. O-O Nd7 19. b4 a5 20. a3 axb4
21. axb4 Ra3 22. Ra1 Qa7 23. Rxa3 Qxa3 24. Rb1 Ra8 25. Kf2 Qa2 26. Qxa2 Rxa2
27. Ke1 Kh7 28. Bc1 Bh6 29. Bb2 Be3 30. Kd1 f5 31. Kc2 Bd4 32. Kb3 Rxb2+ 33.
Rxb2 Bxb2 34. Kxb2 g5 35. Kb3 Kg6 36. Ka4 e4 37. fxe4 fxe4 38. Kb5 h4 39.
Kc6 Ne5+ 40. Kxd6 Nd3 41. c5 bxc5 42. bxc5 Nf4 43. Bf1 e3 44. c6 e2 45. Bxe2
Nxe2 46. c7 Nd4 47. c8=Q Nb5+ 48. Ke7 {Black resigns} 1-0

[Event "ICC tourney 2716 (40 10)"]
[Site "Internet Chess Club"]
[Date "2021.10.23"]
[Round "2"]
[White "Gaw, Chloe:HarleyQueen8"]
[Black "CHINNI, RISHABH:alphachesplayer"]
[Result "0-1"]
[ICCResult "White resigns"]
[WhiteElo "1828"]
[BlackElo "1498"]
[Opening "Nimzo-Indian: classical variation"]
[ECO "E32"]
[NIC "NI.20"]
[Time "13:15:21"]
[PlyCount "128"]
[TimeControl "2400+10"]

1. d4 Nf6 2. c4 e6 3. Nc3 Bb4 4. Qc2 O-O 5. a3 Bxc3+ 6. Qxc3 b6 7. Bg5 Bb7
8. f3 h6 9. Bh4 d5 10. e3 Nbd7 11. cxd5 exd5 12. Bd3 Qe7 13. Ne2 c5 14. Bf2
Rac8 15. Qd2 c4 16. Bc2 b5 17. Ng3 g6 18. O-O Rfe8 19. Rae1 Qf8 20. Re2 Re6
21. Qa5 a6 22. Be1 Qe8 23. Qc3 Qe7 24. Bd2 Re8 25. Rfe1 h5 26. Nh1 Nb8 27.
b4 Qd8 28. Nf2 Nc6 29. Bb1 Qb6 30. Kf1 R8e7 31. Nh3 Re8 32. Qc2 Qc7 33. Bc3
Qe7 34. e4 dxe4 35. fxe4 Nxd4 36. Bxd4 Bxe4 37. Qb2 Bxg2+ 38. Kxg2 Rxe2+ 39.
Rxe2 Qxe2+ 40. Qxe2 Rxe2+ 41. Kf1 Rd2 42. Bxf6 Rd1+ 43. Ke2 Rxb1 44. Nf4 Rb3
45. Nd5 Kf8 46. Nc7 Rxa3 47. Kd2 Ra2+ 48. Kc3 Rxh2 49. Nxa6 Rf2 50. Be5 f6
51. Bd6+ Kf7 52. Nc7 Rf3+ 53. Kc2 Rf5 54. Bc5 h4 55. Nxb5 Ke6 56. Nd4+ Ke5
57. Nxf5 gxf5 58. b5 Kd5 59. Bg1 f4 60. b6 Kc6 61. Kc3 f3 62. Kxc4 h3 63.
Kd3 f2 64. Bxf2 h2 {White resigns} 0-1

[Event "ICC tourney 2716 (40 10)"]
[Site "Internet Chess Club"]
[Date "2021.10.23"]
[Round "2"]
[White "BAGCHI, SOUNAK:Chesssaga"]
[Black "Vittal, Sanjana:MCTS13"]
[Result "1/2-1/2"]
[ICCResult "Game drawn by mutual agreement"]
[WhiteElo "1870"]
[BlackElo "2056"]
[Opening "Scotch game"]
[ECO "C45"]
[NIC "SO.04"]
[Time "13:15:38"]
[PlyCount "91"]
[TimeControl "2400+10"]

1. e4 e5 2. Nf3 Nc6 3. d4 exd4 4. Nxd4 Bb4+ 5. c3 Bc5 6. Be3 Bb6 7. Nf5 d5
8. Qxd5 Qxd5 9. exd5 Bxf5 10. dxc6 Bxe3 11. cxb7 Bxf2+ 12. Kxf2 Rb8 13. Bb5+
Kf8 14. Bc6 Ne7 15. Bf3 c6 16. Rd1 g5 17. Nd2 Rxb7 18. b3 g4 19. Be2 Nd5 20.
Rac1 Kg7 21. Nc4 Re7 22. Bd3 Bxd3 23. Rxd3 Rhe8 24. Rd2 f5 25. Nd6 Rf8 26.
c4 Nf4 27. c5 Nd5 28. Re1 Rxe1 29. Kxe1 f4 30. Rxd5 cxd5 31. c6 Kf6 32. c7
Ke5 33. c8=Q Rxc8 34. Nxc8 a6 35. Ke2 Kd4 36. Ne7 h5 37. b4 Kc4 38. a3 d4
39. Nf5 Kc3 40. Kd1 f3 41. gxf3 gxf3 42. Nxd4 Kxd4 43. a4 Kc4 44. b5 axb5
45. axb5 Kxb5 46. Ke1 {Game drawn by mutual agreement} 1/2-1/2

[Event "ICC tourney 2716 (40 10)"]
[Site "Internet Chess Club"]
[Date "2021.10.23"]
[Round "2"]
[White "Wan, Caleb:chess-caleb"]
[Black "WU, JAYDEN:SparkyNinja"]
[Result "1/2-1/2"]
[ICCResult "Game drawn by mutual agreement"]
[WhiteElo "2028"]
[BlackElo "1730"]
[Opening "Sicilian: Najdorf, 6.f4"]
[ECO "B93"]
[NIC "SI.12"]
[Time "13:15:25"]
[PlyCount "88"]
[TimeControl "2400+10"]

1. e4 c5 2. Nf3 d6 3. d4 cxd4 4. Nxd4 Nf6 5. Nc3 a6 6. f4 e5 7. Nf3 Nbd7 8.
a4 b6 9. Bc4 Be7 10. O-O O-O 11. Qe2 Bb7 12. Rd1 Qc7 13. Kh1 Nc5 14. Nd5
Nxd5 15. Bxd5 Bxd5 16. Rxd5 Nd7 17. c4 Nf6 18. Rd1 h6 19. b3 Rfe8 20. Nh4
Nxe4 21. Qxe4 Bxh4 22. f5 Bf6 23. Ba3 Rad8 24. h3 Rd7 25. Rd5 Red8 26. Rad1
Qc6 27. h4 Kh8 28. Bc1 Kg8 29. Be3 Kh8 30. Bf2 Rb8 31. Qd3 Kg8 32. g4 e4 33.
Qxe4 b5 34. cxb5 axb5 35. a5 Re7 36. Qg2 Bc3 37. g5 hxg5 38. hxg5 Bxa5 39.
Bd4 Bc3 40. Bxc3 Qxc3 41. R1d2 Re3 42. Qf1 Rh3+ 43. Rh2 Rxh2+ 44. Kxh2 Qc2+
{Game drawn by mutual agreement}
1/2-1/2

[Event "ICC tourney 2716 (40 10)"]
[Site "Internet Chess Club"]
[Date "2021.10.23"]
[Round "2"]
[White "Ghosh, Dipankar:Dipankar007"]
[Black "CHUBAKOV, SULTAN:schubakov"]
[Result "1-0"]
[ICCResult "Black resigns"]
[WhiteElo "1850"]
[BlackElo "2025"]
[Opening "Sicilian: closed"]
[ECO "B23"]
[NIC "SI.44"]
[Time "13:15:59"]
[PlyCount "93"]
[TimeControl "2400+10"]

1. e4 c5 2. Nc3 e6 3. Nge2 a6 4. g3 b5 5. Bg2 Bb7 6. d4 cxd4 7. Nxd4 Qc7 8.
O-O Nc6 9. Re1 d6 10. a4 b4 11. Nd5 exd5 12. Nxc6 dxe4 13. Bxe4 Be7 14. Nxb4
Bxe4 15. Rxe4 Nf6 16. Re1 O-O 17. a5 Rfe8 18. Bf4 Qb7 19. c3 d5 20. Nd3 Ne4
21. Be5 Rac8 22. Bd4 h6 23. Qg4 Bf6 24. Bxf6 Nxf6 25. Qf3 Ne4 26. Red1 Ng5
27. Qg2 Qb5 28. Nb4 Qe2 29. h4 Nf3+ 30. Kh1 d4 31. cxd4 Rb8 32. Nxa6 Rxb2
33. Nc5 Qxf2 34. Rg1 Nxg1 35. Qxf2 Rxf2 36. Kxg1 Rfe2 37. a6 Re1+ 38. Rxe1
Rxe1+ 39. Kf2 Ra1 40. d5 Kf8 41. d6 Ke8 42. Ke3 Rd1 43. Ke4 Rxd6 44. a7 Rd8
45. Na6 f5+ 46. Kxf5 g6+ 47. Ke6 {Black resigns} 1-0

[Event "ICC tourney 2716 (40 10)"]
[Site "Internet Chess Club"]
[Date "2021.10.23"]
[Round "2"]
[White "Turcotte, Jonathan:JonnyTurgi"]
[Black "YANG, ALEXANDER:K05-16917728"]
[Result "1-0"]
[ICCResult "Black checkmated"]
[WhiteElo "2000"]
[BlackElo "1663"]
[Opening "Benoni: 6.e4"]
[ECO "A65"]
[NIC "BI.38"]
[Time "13:15:18"]
[PlyCount "151"]
[TimeControl "2400+10"]

1. d4 Nf6 2. c4 c5 3. d5 e6 4. Nc3 exd5 5. cxd5 d6 6. e4 g6 7. h3 Bg7 8. Nf3
O-O 9. Bd3 a6 10. a4 Re8 11. O-O Qc7 12. Re1 Nbd7 13. Bf4 b6 14. Bf1 Bb7 15.
Qb3 Rad8 16. Rad1 h6 17. Bh2 Nh7 18. Nd2 Bd4 19. Nc4 Ne5 20. Qxb6 Qxb6 21.
Nxb6 Nf6 22. Rd2 Nfd7 23. Nxd7 Rxd7 24. Kh1 g5 25. f4 Ng6 26. fxg5 hxg5 27.
Bg1 Be5 28. a5 Nf4 29. Na4 Bg7 30. Nb6 Rde7 31. Nc4 Rd8 32. Re3 Kh8 33. g3
Ng6 34. Bg2 Ne5 35. Nxe5 Bxe5 36. Bf2 Rde8 37. Rb3 Bc8 38. Rb6 Rb7 39. Rxb7
Bxb7 40. Bf3 Rb8 41. Bg4 Bc8 42. Bxc8 Rxc8 43. Rd3 Bxb2 44. Rb3 Be5 45. Rb6
c4 46. Be3 c3 47. Bxg5 c2 48. Bc1 Bxg3 49. Rxa6 Be1 50. Rc6 Rxc6 51. dxc6
Bxa5 52. Kg2 Kg7 53. Kf3 Kf6 54. Ke3 Ke7 55. Kd3 Kd8 56. h4 Be1 57. h5 Bh4
58. Kxc2 Kc7 59. h6 Bf6 60. Bb2 Bh8 61. Bxh8 Kxc6 62. Bg7 Kd7 63. h7 Ke7 64.
h8=Q d5 65. exd5 f5 66. Be5 f4 67. Qf6+ Kd7 68. Qxf4 Ke8 69. Qf6 Kd7 70.
Qe6+ Kd8 71. Bf6+ Kc7 72. Qc6+ Kb8 73. d6 Ka7 74. d7 Kb8 75. d8=Q+ Ka7 76.
Bd4# {Black checkmated} 1-0

[Event "ICC tourney 2716 (40 10)"]
[Site "Internet Chess Club"]
[Date "2021.10.23"]
[Round "2"]
[White "TANG, AUSTIN:Mrpeetapizza"]
[Black "SLADE, THEODORE LUKE:MrNormalName"]
[Result "0-1"]
[ICCResult "White resigns"]
[WhiteElo "1871"]
[BlackElo "2112"]
[Opening "Ruy Lopez: Berlin defense, open variation"]
[ECO "C67"]
[NIC "RL.07"]
[Time "13:15:55"]
[PlyCount "162"]
[TimeControl "2400+10"]

1. e4 e5 2. Nf3 Nc6 3. Bb5 Nf6 4. O-O Nxe4 5. Re1 Nd6 6. Bxc6 dxc6 7. Nxe5
Be7 8. d4 O-O 9. c3 Re8 10. Nd2 Bf8 11. Ndf3 f6 12. Nd3 Bg4 13. h3 Rxe1+ 14.
Ndxe1 Bh5 15. Nd3 Qd7 16. Nc5 Qf7 17. g4 Bg6 18. Qb3 b6 19. Qxf7+ Nxf7 20.
Ne6 Bd6 21. Bf4 Bxf4 22. Nxf4 Nd6 23. Nxg6 hxg6 24. Re1 Kf7 25. Kg2 a5 26.
Nd2 a4 27. a3 Rd8 28. f4 Nb7 29. Ne4 Na5 30. Re2 Re8 31. Kf3 Nc4 32. h4 Kf8
33. f5 gxf5 34. gxf5 Kf7 35. Kf4 Rh8 36. Kg4 Ra8 37. Kf4 Ra5 38. h5 Rb5 39.
h6 gxh6 40. Rh2 Nd6 41. Nxd6+ cxd6 42. Rxh6 Rxb2 43. Rh7+ Kg8 44. Ra7 Rb3
45. Rxa4 Rxc3 46. Ra8+ Kf7 47. Ra7+ Kf8 48. Ra8+ Ke7 49. Ra7+ Kd8 50. Ra8+
Kd7 51. Ra7+ Kc8 52. Ra8+ Kc7 53. Ra7+ Kc8 54. Ra8+ Kc7 55. Ra7+ Kb8 56. Rf7
Rxa3 57. Rxf6 Kc7 58. Re6 Kd7 59. Re2 Ra4 60. f6 Rxd4+ 61. Kg5 Rd1 62. f7
Rf1 63. Kg6 d5 64. Re1 Rf2 65. Re2 Rf4 66. Kg7 Rg4+ 67. Kf6 Rf4+ 68. Kg7
Rg4+ 69. Kf6 Rf4+ 70. Kg7 d4 71. Re4 Rxf7+ 72. Kxf7 c5 73. Kf6 Kd6 74. Re6+
Kd5 75. Rxb6 d3 76. Kf5 d2 77. Rb1 c4 78. Kf4 Kd4 79. Kf3 Kd3 80. Kf2 c3 81.
Rd1 c2 {White resigns} 0-1

[Event "ICC tourney 2716 (40 10)"]
[Site "Internet Chess Club"]
[Date "2021.10.23"]
[Round "3"]
[White "BAYYARAPU, MOHIT SREEJAN:mohitbayyarapu"]
[Black "YAN, RUIYANG:jy2020"]
[Result "0-1"]
[ICCResult "White resigns"]
[WhiteElo "1652"]
[BlackElo "2160"]
[Opening "Sicilian: closed"]
[ECO "B23"]
[NIC "SI.44"]
[Time "15:30:20"]
[PlyCount "76"]
[TimeControl "2400+10"]

1. e4 c5 2. Nc3 d6 3. f4 g6 4. Nf3 Bg7 5. Bc4 Nc6 6. d3 e6 7. O-O Nge7 8.
Kh1 O-O 9. h3 Nd4 10. Nxd4 cxd4 11. Ne2 d5 12. exd5 Nxd5 13. Ng3 b6 14. Bxd5
Qxd5 15. Qf3 Qxf3 16. Rxf3 Bb7 17. Rf2 Rac8 18. b3 Rc7 19. Bb2 Rfc8 20. Rc1
f5 21. Kg1 e5 22. fxe5 Bh6 23. Re1 Be3 24. Nh1 Rxc2 25. Ba3 Kf7 26. Kf1 Bxf2
27. Nxf2 Rxa2 28. e6+ Ke8 29. Bd6 Rcc2 30. Nd1 Bxg2+ 31. Kg1 Bxh3 32. Be5
Bg4 33. Bxd4 Rc1 34. Bf2 Rxd1 35. Rxd1 Bxd1 36. d4 Bxb3 37. Kg2 Rxf2+ 38.
Kxf2 Bxe6 {White resigns} 0-1

[Event "ICC tourney 2716 (40 10)"]
[Site "Internet Chess Club"]
[Date "2021.10.23"]
[Round "3"]
[White "FAWZY, ADHAM:domti"]
[Black "MARKOVIC, GORAN:Goran21"]
[Result "1-0"]
[ICCResult "Black checkmated"]
[WhiteElo "2542"]
[BlackElo "1856"]
[Opening "Robatsch (modern) defense"]
[ECO "B06"]
[NIC "KF.06"]
[Time "15:30:20"]
[PlyCount "125"]
[TimeControl "2400+10"]

1. e4 g6 2. c4 d6 3. Nc3 Bg7 4. Nge2 Nc6 5. d4 e5 6. d5 Nce7 7. g3 Nf6 8.
Bg2 O-O 9. O-O Nh5 10. f4 f5 11. fxe5 Bxe5 12. Bh6 Rf7 13. Qd2 c6 14. Nf4
Nf6 15. Nd3 Bxc3 16. Qxc3 cxd5 17. exd5 Ng4 18. Bf4 a5 19. Rae1 b6 20. h3
Nf6 21. Bg5 Qf8 22. Nf4 Ne4 23. Bxe4 fxe4 24. Rxe4 Bxh3 25. Bxe7 Qh6 26.
Rfe1 Bf5 27. R4e2 g5 28. Rh2 Qg7 29. Qxg7+ Rxg7 30. Nh5 Rf7 31. Bxg5 Bd3 32.
b3 Raf8 33. Nf4 Bf5 34. Re7 Bg4 35. Rxf7 Rxf7 36. Rh6 Rd7 37. Rf6 Bd1 38.
Bh6 Rd8 39. Ne6 Re8 40. Be3 Bc2 41. Bxb6 Bb1 42. Rf2 a4 43. bxa4 Bd3 44. Rf4
h5 45. a5 Ra8 46. Nc7 Rc8 47. a6 Be2 48. a7 Bg4 49. a8=Q Rxa8 50. Nxa8 Kh7
51. Nc7 Kg6 52. Nb5 Kg5 53. Be3 h4 54. gxh4+ Kxh4 55. Nxd6 Kg3 56. Rxg4+ Kh3
57. Rd4 Kg3 58. Bc1 Kf3 59. c5 Ke2 60. c6 Ke1 61. c7 Ke2 62. c8=Q Kf3 63.
Qg4# {Black checkmated} 1-0

[Event "ICC tourney 2716 (40 10)"]
[Site "Internet Chess Club"]
[Date "2021.10.23"]
[Round "3"]
[White "LIANG, ETHAN Y:ELCCEthan488"]
[Black "Jin, Xiaodong:SuperWJ"]
[Result "1-0"]
[ICCResult "Black resigns"]
[WhiteElo "1799"]
[BlackElo "1598"]
[Opening "Grünfeld: Three knights variation"]
[ECO "D90"]
[NIC "GI.07"]
[Time "15:30:18"]
[PlyCount "67"]
[TimeControl "2400+10"]

1. d4 Nf6 2. c4 g6 3. Nc3 d5 4. Nf3 Bg7 5. h4 dxc4 6. e4 c5 7. d5 b5 8. h5
Nxh5 9. Rxh5 gxh5 10. Bf4 Bg4 11. a4 Qa5 12. Bd2 b4 13. Nb5 a6 14. Na3 c3
15. Nc4 cxd2+ 16. Qxd2 Qd8 17. Nfe5 O-O 18. f3 Bd7 19. Nd3 e6 20. d6 Nc6 21.
Nxc5 Nd4 22. e5 Qh4+ 23. Kd1 Bc6 24. g3 Bxf3+ 25. Kc1 Nb3+ 26. Nxb3 Qxc4+
27. Bxc4 Rac8 28. Qd4 Bd5 29. Nd2 b3 30. Kd1 Bh6 31. Bxd5 exd5 32. Nxb3 Rc4
33. Qxd5 Rfc8 34. d7 {Black resigns} 1-0

[Event "ICC tourney 2716 (40 10)"]
[Site "Internet Chess Club"]
[Date "2021.10.23"]
[Round "3"]
[White "SHAWKAT, SAIF:saif-shawkat"]
[Black "Belous, Vladimir:Openyagami"]
[Result "0-1"]
[ICCResult "White resigns"]
[WhiteElo "1970"]
[BlackElo "2568"]
[Opening "King's Indian: Makagonov system (5.h3)"]
[ECO "E71"]
[NIC "KI.30"]
[Time "15:30:14"]
[PlyCount "56"]
[TimeControl "2400+10"]

1. d4 Nf6 2. c4 g6 3. Nc3 Bg7 4. e4 d6 5. h3 O-O 6. Be3 e5 7. d5 Na6 8. g4
Nc5 9. f3 a5 10. Nge2 a4 11. Ng3 c6 12. Qd2 Qa5 13. Be2 cxd5 14. cxd5 Bd7
15. h4 Rfc8 16. h5 a3 17. b4 Qxb4 18. Rb1 Qa5 19. Nb5 Bxb5 20. Rxb5 Qxd2+
21. Kxd2 Nfd7 22. Rc1 Bf6 23. Rc4 Bd8 24. Kc2 Nb6 25. Rc3 Nba4 26. Rc4 Nb2
27. Rc3 Nca4 28. Rxc8 Rxc8+ {White resigns} 0-1

[Event "ICC tourney 2716 (40 10)"]
[Site "Internet Chess Club"]
[Date "2021.10.23"]
[Round "3"]
[White "HO, CARTER:corviknight"]
[Black "BAGCHI, SOUNAK:Chesssaga"]
[Result "0-1"]
[ICCResult "White checkmated"]
[WhiteElo "1931"]
[BlackElo "1870"]
[Opening "Sicilian: accelerated fianchetto, modern variation with Bc4"]
[ECO "B35"]
[NIC "SI.33"]
[Time "15:30:33"]
[PlyCount "104"]
[TimeControl "2400+10"]

1. e4 c5 2. Nf3 g6 3. d4 cxd4 4. Nxd4 Nc6 5. Nc3 Bg7 6. Be3 Nf6 7. Bc4 Qa5
8. O-O d6 9. Bb3 Ng4 10. Nxc6 bxc6 11. Bd2 Qc7 12. h3 Nf6 13. Qe2 O-O 14.
Rfe1 Nd7 15. Rad1 a5 16. a3 Ne5 17. Be3 Ba6 18. Qd3 Nxd3 19. cxd3 Rfb8 20.
Bc4 Bxc4 21. dxc4 Bxc3 22. bxc3 Rb3 23. Bd4 c5 24. Be3 Rxc3 25. Bd2 Rxc4 26.
Rb1 Rb8 27. Bxa5 Rxb1 28. Bxc7 Rxe1+ 29. Kh2 Rexe4 30. f3 Re2 31. Kg3 Ra4
32. Bd8 Rxa3 33. Bc7 c4 34. Bb6 c3 35. Bd4 c2 36. Bb2 Rb3 37. Bc1 Re1 38.
Bh6 c1=Q 39. Bxc1 Rxc1 40. Kh2 Rc2 41. Kg3 Rbb2 42. Kf4 d5 43. Ke5 e6 44.
Kf6 d4 45. f4 d3 46. f5 d2 47. fxe6 fxe6 48. Ke7 d1=Q 49. g4 Rc7+ 50. Kf6
Rf2+ 51. Kg5 Qd8+ 52. Kh6 Qh4# {White checkmated} 0-1

[Event "ICC tourney 2716 (40 10)"]
[Site "Internet Chess Club"]
[Date "2021.10.23"]
[Round "3"]
[White "CHINNI, RISHABH:alphachesplayer"]
[Black "Turcotte, Jonathan:JonnyTurgi"]
[Result "0-1"]
[ICCResult "White resigns"]
[WhiteElo "1498"]
[BlackElo "2000"]
[Opening "Caro-Kann: two knights, 3...Bg4"]
[ECO "B10"]
[NIC "CK.01"]
[Time "15:30:12"]
[PlyCount "86"]
[TimeControl "2400+10"]

1. e4 c6 2. Nf3 d5 3. Nc3 Bg4 4. h3 Bxf3 5. Qxf3 Nf6 6. d3 e6 7. Bd2 Bb4 8.
a3 Ba5 9. g4 d4 10. Ne2 Bxd2+ 11. Kxd2 e5 12. Ng3 g6 13. Rd1 c5 14. Kc1 Nc6
15. h4 h5 16. g5 Nd7 17. Bh3 Qe7 18. Qe2 O-O-O 19. Rhf1 Kb8 20. f4 exf4 21.
Rxf4 Nde5 22. Rdf1 b5 23. Kb1 a5 24. Qf2 Rhf8 25. Rf6 Rd6 26. Rxd6 Qxd6 27.
Qf6 Qxf6 28. Rxf6 Rd8 29. b3 Kc7 30. Ne2 Rd6 31. Nf4 Rxf6 32. Nd5+ Kd6 33.
Nxf6 Nf3 34. Bd7 Nce5 35. Bxb5 Nxh4 36. Ba6 Nhf3 37. Nh7 h4 38. Bc8 Kc7 39.
Bh3 Ng1 40. Bg2 h3 41. Bh1 Ne2 42. Nf6 Ng3 43. Nd5+ Kd6 {White resigns} 0-1

[Event "ICC tourney 2716 (40 10)"]
[Site "Internet Chess Club"]
[Date "2021.10.23"]
[Round "3"]
[White "LIN, LEO FANYUE:Leolix"]
[Black "POMERANTZ, DANIEL G:dpomerantz135"]
[Result "0-1"]
[ICCResult "White resigns"]
[WhiteElo "1850"]
[BlackElo "2050"]
[Opening "Sicilian: Taimanov variation"]
[ECO "B48"]
[NIC "SI.40"]
[Time "15:30:22"]
[PlyCount "96"]
[TimeControl "2400+10"]

1. e4 c5 2. Nf3 e6 3. d4 cxd4 4. Nxd4 Nc6 5. Nc3 Qc7 6. Be3 a6 7. a3 b5 8.
Qd2 Bb7 9. Be2 Nf6 10. f3 Be7 11. O-O O-O 12. Rfd1 Rac8 13. Bf2 Nxd4 14.
Bxd4 e5 15. Be3 Bc5 16. Bxc5 Qxc5+ 17. Kh1 Rfd8 18. Qd6 Rc6 19. Qxc5 Rxc5
20. Rd6 Kf8 21. Rad1 Ke7 22. R1d2 Bc6 23. Nd1 Ne8 24. R6d3 Bb7 25. Ne3 g6
26. c3 Nc7 27. Bd1 Ne6 28. g3 d6 29. b4 Rc7 30. Bb3 Ng5 31. Kg2 f5 32. Nd5+
Bxd5 33. Bxd5 fxe4 34. fxe4 Ne6 35. Rf2 Rf8 36. Rdf3 Rxf3 37. Rxf3 Ng5 38.
Rd3 h5 39. c4 bxc4 40. Rc3 Ne6 41. Rxc4 Rxc4 42. Bxc4 Nd4 43. Bxa6 Nc2 44.
Bd3 Ne1+ 45. Kf1 Nxd3 46. b5 Nc5 47. b6 Kd7 48. Kg2 Nxe4 {White resigns} 0-1

[Event "ICC tourney 2716 (40 10)"]
[Site "Internet Chess Club"]
[Date "2021.10.23"]
[Round "3"]
[White "RAMASWAMY, PUDUR:clair"]
[Black "TANG, DYLAN:ruitang"]
[Result "1/2-1/2"]
[ICCResult "Game drawn by mutual agreement"]
[WhiteElo "1769"]
[BlackElo "1504"]
[Opening "Queen's pawn, Mason variation"]
[ECO "D00"]
[NIC "QP.08"]
[Time "15:30:34"]
[PlyCount "76"]
[TimeControl "2400+10"]

1. d4 d5 2. Bf4 Nf6 3. e3 e6 4. Nf3 Bd6 5. Bg3 O-O 6. Nbd2 b6 7. Ne5 Bb7 8.
Bd3 h6 9. O-O Nbd7 10. f4 c5 11. c3 Rc8 12. Qf3 Qc7 13. Bh4 c4 14. Bc2 Be7
15. Nxd7 Qxd7 16. Bxf6 Bxf6 17. Qh3 Be7 18. Nf3 f6 19. g4 Qe8 20. g5 f5 21.
Rf2 h5 22. Rg2 g6 23. a4 a6 24. Nh4 Kg7 25. Re2 Ra8 26. Qf1 b5 27. axb5 axb5
28. Ree1 Qd7 29. Nf3 Bd6 30. Rxa8 Rxa8 31. Ra1 Qd8 32. h4 Ra5 33. b4 cxb3
34. Bxb3 b4 35. cxb4 Bxb4 36. Rb1 Bd6 37. Bc2 Qc8 38. Bd3 Ba6
{Game drawn by mutual agreement}
1/2-1/2